 Dungeon Crawl Stone Soup version 0.26-a0-966-gd078a86f14 (webtiles) character file.

Game seed: 4624349096528438835

117 jiml777 the Magician (level 4, -9/24 HPs)
             Began as a Deep Elf Air Elementalist on Dec 4, 2020.
             Killed by divine providence
             ... invoked by an orc priest
              (12 damage)
             ... on level 3 of the Dungeon.
             The game lasted 00:14:14 (2217 turns).

jiml777 the Magician (Deep Elf Air Elementalist)    Turns: 2217, Time: 00:14:17

Health: -9/24      AC:  2    Str:  5    XL:     4   Next: 71%
Magic:  5/12       EV: 13    Int: 21    God:
Gold:   150        SH:  0    Dex: 15    Spells: 2/12 levels left

rFire    . . .     SeeInvis .   b - +1 dagger (protect)
rCold    . . .     Faith    .   (no shield)
rNeg     . . .     Spirit   .   d - +0 robe
rPois    .         Reflect  .   (no helmet)
rElec    .         Harm     .   (no cloak)
rCorr    +         Rampage  .   (no gloves)
MR       .....                  (no boots)
Stlth    ++........             (no amulet)
HPRegen  0.08/turn              c - ring of resist corrosion
MPRegen  0.13/turn              (no ring)

@: no status effects
A: no striking features
a: no special abilities


You were on level 3 of the Dungeon.
You visited 1 branch of the dungeon, and saw 3 of its levels.

You collected 150 gold pieces.

Inventory:

Hand Weapons
 b - a +1 dagger of protection (weapon)
Armour
 d - a +0 robe (worn)
Jewellery
 c - a ring of resist corrosion (left hand)
Scrolls
 f - a scroll of blinking
 g - a scroll of amnesia {unknown}
 j - a scroll of teleportation {unknown}
 k - a scroll of magic mapping {unknown}
 l - a scroll of fog {unknown}
 n - a scroll of remove curse
 p - a scroll of enchant armour {unknown}
Potions
 a - 2 potions of flight
 e - a potion of berserk rage
 h - 2 potions of invisibility
 i - a potion of cancellation
 m - a potion of might {unknown}
 o - a potion of curing {unknown}


   Skills:
 + Level 2.6 Dodging
 + Level 3.2 Stealth
 + Level 4.6 Spellcasting
 + Level 2.1 Conjurations
 + Level 3.9 Air Magic


You had 2 spell levels left.
You knew the following spells:

 Your Spells              Type           Power        Failure   Level
a - Shock                 Conj/Air       ###.         3%          1
b - Swiftness             Air            ###.....     3%          2
c - Static Discharge      Conj/Air       ###.....     10%         3
d - Airstrike             Air            ###.......   22%         4

Your spell library contained the following spells:

 Spells                   Type           Power        Failure   Level
 Lightning Bolt           Conj/Air       ###.......   65%         5


Dungeon Overview and Level Annotations

Branches:
Dungeon (3/15)

Altars:
Wu Jian
The Shining One


Message History

Press: ? - help, Shift-Dir - straight line The zap misses the orc priest.
The zap hits the orc priest.
You kill the orc priest!
The zap hits the orc priest.
The orc priest is heavily wounded.
The orc priest invokes the aid of Beogh against you.
Beogh smites you!
Ouch! That really hurt!
* * * LOW HITPOINT WARNING * * *
Your Conjurations skill increases to level 2!
Casting: Shock (safe; 3% risk of failure)
Confirm with . or Enter, or press ? or * to list all spells.
Aiming: Shock (safe; 3% risk of failure)
Press: ? - help, Shift-Dir - straight line, f - orc priest
Aim: an orc priest, wielding a -3 club (heavily wounded, 29% to evade)
The zap misses the orc priest.
The orc priest calls down the wrath of Beogh upon you.
Beogh smites you!
Ouch! That really hurt!
You die...

#########
)o.o..)?#
#######
#)###@....####
#...o.........#
#####..≈≈≈≈≈≈.#
#..≈≈≈≈≈≈.#
#..≈≈.⌠≈≈.#
#..≈≈>_≈≈.#
##.≈≈≈≈≈≈.#
#.≈≈≈≈≈≈.#
#........#


You could see an orc priest.

Vanquished Creatures
  An orc priest (D:3)
  A worker ant (D:2)
  3 adders (D:2)
  A worm (D:2)
  A leopard gecko (D:2)
  3 orcs (D:3)
  3 giant cockroaches
  4 goblins
  2 hobgoblins
  2 bats (D:1)
  2 frilled lizards
  7 kobolds
  4 rats
34 creatures vanquished.

Notes
Turn   | Place    | Note
-------+----------+-------------------------------------------
     0 | D:1      | jiml777 the Deep Elf Air Elementalist began the quest for
                  | the Orb.
     0 | D:1      | Reached XP level 1. HP: 10/10 MP: 6/6
    94 | D:1      | Found a glowing golden altar of the Shining One.
   443 | D:1      | Reached XP level 2. HP: 15/15 MP: 4/8
   686 | D:2      | Learned a level 2 spell: Swiftness
   963 | D:2      | Reached skill level 4 in Spellcasting
   963 | D:2      | Reached XP level 3. HP: 14/19 MP: 2/10
  1257 | D:2      | Learned a level 3 spell: Static Discharge
  1263 | D:2      | Reached XP level 4. HP: 24/24 MP: 9/12
  1268 | D:2      | Learned a level 4 spell: Airstrike
  2170 | D:3      | Found an ornate altar of the Wu Jian Council.
  2217 | D:3      | Killed from afar by an orc priest

Illustrated notes

Levels and vault maps discovered:
D:1:      minmay_arrival_cross, layout_basic, tso_metal_star
D:2:      layout_loops_ring, serial_co_window_serial, co_window_corner_a,
          co_window_of_opportunity_a, co_window_paths_b, co_window_paths_a,
          co_window_paths_a, co_window_paths_a, co_window_corner_a,
          co_window_2corner, co_window_2corner, co_window_paths_c,
          co_window_cross_2, co_window_corner_cb, co_window_4corner_b,
          co_window_paths_e, glass_columns_c, glass_columns_b, glass_columns_a
D:3:      layout_loops_ring, general_overflow_altar,
          nicolae_dithmenos_through_a_glass_darkly, ebering_ghost_rock_garden,
          serial_glass, glass_columns_b, glass_columns_a

Skill      XL: |  1  2  3  4 |
---------------+-------------+-----
Spellcasting   | 4 |  4.6
Stealth        | 3 |  3.2
Conjurations   | 2 |  2.1
Dodging        | |  2.6
Air Magic      | |  3.9

Action                   |  1- 3 |  4- 6 || total
-------------------------+-------+-------++-------
 Cast: Shock             |    48 |    25 ||    73
  Use: Scroll            |     2 |     4 ||     6
Armor: Robe              |     1 |       ||     1
Dodge: Dodged            |     9 |     3 ||    12

Table legend: (Time is in decaauts)
 A = Elapsed time spent in this place.
 B = Non-inter-level travel time spent in this place.
 C = Inter-level travel time spent in this place.
 D = Time resting spent in this place.
 E = Time spent auto-exploring this place.
 F = Levels seen in this place.
 G = Mean time per level.
                   A        B        C        D        E       F      G
               +--------+--------+--------+--------+--------+-----+--------+
         Total |   2214 |   2126 |     88 |    438 |   1365 |   3 |  738.0 |
       Dungeon |   2214 |   2126 |     88 |    438 |   1365 |   3 |  738.0 |
               +--------+--------+--------+--------+--------+-----+--------+

Top non-repeatable levels by time:
     D:2: 1499 daAuts
     D:1: 663 daAuts
     D:3: 51 daAuts
